 Dungeon Crawl Stone Soup version 0.29-a0-284-gf9362112df (webtiles) character file.

Game seed: 95723928861541903

113 YayAnonymity the Conjurer (level 4, -8/24 HPs)
             Began as a Deep Elf Conjurer on Mar 19, 2022.
             Mangled by Edmund
             ... wielding a +3 dire flail of pain
              (12 damage)
             ... on level 4 of the Dungeon.
             The game lasted 00:04:45 (3459 turns).

YayAnonymity the Conjurer (Deep Elf Conjurer)       Turns: 3459, Time: 00:04:45

Health: -8/24      AC:  2    Str:  4    XL:     4   Next: 65%
Magic:  2/12       EV: 12    Int: 25    God:
Gold:   164        SH:  0    Dex: 13    Spells: 8/11 levels left

rFire   . . .      SeeInvis .   k - +1 whip (holy)
rCold   . . .      Faith    .   (no shield)
rNeg    . . .      Spirit   .   a - +0 robe
rPois   .          Reflect  .   (no helmet)
rElec   .          Harm     .   (no cloak)
rCorr   .          Rampage  .   (no gloves)
Will    .....                   (no boots)
Stlth   ++........              (no amulet)
HPRegen 0.08/turn               (no ring)
MPRegen 0.13/turn               (no ring)

@: no status effects
A: no striking features
a: no special abilities


You were on level 4 of the Dungeon.
You visited 1 branch of the dungeon, and saw 4 of its levels.

You collected 164 gold pieces.

Inventory:

Hand Weapons
 k - a +1 whip of holy wrath (weapon)
Armour
 a - a +0 robe (worn)
Magical Staves
 h - a staff of fire
Jewellery
 i - a ring of ice
Scrolls
 f - a scroll of fear {unknown}
 g - a scroll of torment {unknown}
 j - 2 scrolls of teleportation {unknown}
 l - a scroll of immolation {unknown}
 n - a scroll of amnesia {unknown}
 o - a scroll of blinking {unknown}
 p - 4 scrolls of identify {unknown}
Potions
 b - a potion of magic
 c - a potion of mutation {unknown}
 d - a potion of cancellation {unknown}
 e - a potion of degeneration {unknown}
 m - a potion of brilliance {unknown}


   Skills:
 + Level 1.0 Staves
 - Level 2.4 Dodging
 - Level 2.4 Stealth
 + Level 4.3 Spellcasting
 * Level 5.9 Conjurations


You had 8 spell levels left.
You knew the following spells:

 Your Spells              Type           Power      Damage    Failure   Level
a - Magic Dart            Conj           100%       1d8       1%          1
b - Searing Ray           Conj           70%        2d7       1%          2

Your spell library contained the following spells:

 Spells                   Type           Power      Damage    Failure   Level
 Dazzling Flash           Conj/Hex       40%        N/A       8%          3
 Corpse Rot               Necr/Air       10%        N/A       13%         2
 Poisonous Vapours        Pois/Air       10%        N/A       13%         2
 Fulminant Prism          Conj/Hex       10%        3d9       26%         4
 Iskenderun's Mystic Bla  Conj/Tloc      20%        2d6       26%         4


Dungeon Overview and Level Annotations

Branches:
Dungeon (4/15)
 Temple: D:4-7

Altars:
Makhleb
Okawaru

Annotations:
D:4 Edmund


Message History

Edmund shouts!
You hear a shout!
You hear an angry hiss.
Casting: Magic Dart (safe; 1% risk of failure)
Confirm with . or Enter, or press ? or * to list all spells.
Aiming: Searing Ray (safe; 1% risk of failure)
Press: ? - help, Shift-Dir - straight line, f/p - Edmund
Aim: Edmund, wielding a +3 dire flail of pain and wearing a +0 leather armour (lightly wounded, 81% to hit)
The searing ray hits Edmund.
Edmund is lightly wounded. (Press . to maintain the ray.)
The searing ray hits Edmund.
Edmund is lightly wounded.
Edmund hits you with a +3 dire flail of pain.
You writhe in agony.
The searing ray hits Edmund.
Edmund is moderately wounded.
Edmund barely misses you.
The searing ray hits Edmund!
Edmund is heavily wounded.
You finish channelling your searing ray.
Edmund closely misses you.
Casting: Searing Ray (safe; 1% risk of failure)
Confirm with . or Enter, or press ? or * to list all spells.
Aiming: Searing Ray (safe; 1% risk of failure)
Press: ? - help, Shift-Dir - straight line, f/p - Edmund
Aim: Edmund, wielding a +3 dire flail of pain and wearing a +0 leather armour (heavily wounded, 81% to hit)
The searing ray hits Edmund.
Edmund is heavily wounded. (Press . to maintain the ray.) Edmund misses you.
The searing ray hits Edmund!
Edmund is severely wounded.
Edmund hits you with a +3 dire flail of pain!
* * * LOW HITPOINT WARNING * * *
You writhe in agony.
* * * LOW HITPOINT WARNING * * *
The searing ray hits Edmund.
Edmund is severely wounded.
Edmund hits you with a +3 dire flail of pain!
Ouch! That really hurt!
You die...

.##....
......#
.#..... ##
.......
..####.......
..........>
#@........
#.@# #.)# ###
#..# #<# ...#
#.# ###.# #.#
#.# #.# #+#
#.# #.# #.#
#.. ..# #.#
...


You could see Edmund.

Vanquished Creatures
  4 adders
  3 worms
  3 dart slugs (D:1)
  6 orcs (D:3)
  6 bats
  5 endoplasms
  A giant cockroach (D:3)
  5 goblins
  A hobgoblin (D:2)
  4 quokkas
  7 ball pythons
  3 frilled lizards
  8 kobolds
  A rat (D:2)
57 creatures vanquished.

Notes
Turn   | Place    | Note
-------+----------+-------------------------------------------
     0 | D:1      | YayAnonymity the Deep Elf Conjurer began the quest for the
                  | Orb.
     0 | D:1      | Reached XP level 1. HP: 10/10 MP: 6/6
   195 | D:1      | Reached XP level 2. HP: 15/15 MP: 5/8
   227 | D:1      | Learned a level 2 spell: Searing Ray
   499 | D:1      | Found a faded altar of an unknown god.
   597 | D:1      | Reached skill level 5 in Conjurations
  1199 | D:2      | Reached XP level 3. HP: 19/19 MP: 3/10
  1548 | D:2      | Identified the +9 plate armour of Vanity {rElec rN+ Stlth+}
  1589 | D:2      | Reached XP level 4. HP: 24/24 MP: 3/12
  2790 | D:3      | Found a burning altar of Makhleb.
  3002 | D:3      | Found an iron altar of Okawaru.
  3058 | D:3      | Reached skill level 1 in Staves
  3451 | D:4      | Noticed Edmund
  3459 | D:4      | Mangled by Edmund

Illustrated notes

Levels and vault maps discovered:
D:1:      amcnicky_arrival_choice, layout_basic,
          dreamdust_ecumenical_altar_hidden_monk_grotto
D:2:      layout_basic
D:3:      layout_loops_cross, lightli_temple_of_fire, amcnicky_altar_gilded,
          minmay_misc_feat_diagonals
D:4:      layout_basic, lemuel_crystal_altar,
          nicolae_wu_jian_immortal_techniques, uniq_edmund

Skill      XL: |  1  2  3  4 |
---------------+-------------+-----
Conjurations   | 5 |  5.9
Spellcasting   | 4 |  4.3
Staves         | 1 |  1.0
Dodging        | |  2.4
Stealth        | |  2.4

Action                   |  1- 3 |  4- 6 || total
-------------------------+-------+-------++-------
Melee: Whip              |       |     9 ||     9
 Cast: Magic Dart        |    57 |    41 ||    98
       Searing Ray       |     4 |     5 ||     9
Dodge: Dodged            |     5 |    14 ||    19

Table legend: (Time is in decaauts)
 A = Elapsed time spent in this place.
 B = Non-inter-level travel time spent in this place.
 C = Inter-level travel time spent in this place.
 D = Time resting spent in this place.
 E = Time spent auto-exploring this place.
 F = Levels seen in this place.
 G = Mean time per level.
                   A        B        C        D        E       F      G
               +--------+--------+--------+--------+--------+-----+--------+
         Total |   3463 |   3178 |    285 |      0 |   2875 |   4 |  865.8 |
       Dungeon |   3463 |   3178 |    285 |      0 |   2875 |   4 |  865.8 |
               +--------+--------+--------+--------+--------+-----+--------+

Top non-repeatable levels by time:
     D:2: 1221 daAuts
     D:1: 1187 daAuts
     D:3: 1039 daAuts
     D:4: 14 daAuts
